 Dungeon Crawl Stone Soup version 0.25-b1-37-g2669288c55 (webtiles) character file.

Game seed: 12485229007832627458

119 grindst0ne the Skirmisher (level 4, -3/39 HPs)
             Began as a Demonspawn Gladiator on June 4, 2020.
             Killed by nerve-wracking pain
             ... invoked by an orc priest
              (14 damage)
             ... on level 2 of the Dungeon.
             The game lasted 00:01:53 (1670 turns).

grindst0ne the Skirmisher (Demonspawn Gladiator)    Turns: 1670, Time: 00:01:53

Health: -3/39      AC:  6    Str: 14    XL:     4   Next: 74%
Magic:  4/4        EV: 11    Int: 10    God:
Gold:   57         SH:  0    Dex: 15    Spells: 3/3 levels left

rFire    + . .     SeeInvis .   a - +0 war axe
rCold    . . .     Gourm    .   (no shield)
rNeg     . . .     Faith    .   i - +0 ring mail
rPois    .         Spirit   .   c - +0 helmet
rElec    .         Reflect  .   (no cloak)
rCorr    .         Harm     .   (no gloves)
MR       .....                  (no boots)
Stlth    +.........             (no amulet)
HPRegen  0.13/turn              e - ring of wizardry
MPRegen  0.09/turn              (no ring)

@: no status effects
A: fire resistance 1, powered by pain 1
a: no special abilities


You were on level 2 of the Dungeon.
You were hungry.

You visited 1 branch of the dungeon, and saw 2 of its levels.

You collected 57 gold pieces.

Inventory:

Hand Weapons
 a - a +0 war axe (weapon)
Missiles
 d - 3 throwing nets (quivered)
Armour
 b - a +0 leather armour
 c - a +0 helmet (worn)
 i - a +0 ring mail (worn)
 l - a +0 scale mail
Jewellery
 e - a ring of wizardry (left hand)
Scrolls
 g - a scroll of fog {unknown}
 j - a scroll of blinking {unknown}
 m - a scroll of fear {unknown}
 o - a scroll of remove curse {unknown}
Potions
 h - a potion of might {unknown}
 k - a potion of heal wounds {unknown}
Comestibles
 f - 4 rations


   Skills:
 + Level 5.0 Fighting
 - Level 2.6 Axes
 - Level 1.7 Throwing
 - Level 2.6 Dodging


You had 3 spell levels left.
You didn't know any spells.
Your spell library was empty.

Dungeon Overview and Level Annotations

Branches:
Dungeon (2/15)

Altars:


Innate Abilities, Weirdness & Mutations

Your flesh is heat resistant. (rF+)
You sometimes gain a little power by taking damage.


Message History

You hit something.
Reactivating autopickup.
Your Fighting skill increases to level 5!
You feel a bit more experienced.
You slash the orc priest!
The orc priest is heavily wounded.
The orc priest hits you.
* * * LOW HITPOINT WARNING * * *
You closely miss the orc priest.
The orc priest is heavily wounded.
The orc priest barely misses you. The orc priest closely misses you.
You barely miss the orc priest.
The orc priest is heavily wounded.
The orc priest looks encouraged for a moment.
You hit the orc priest.
The orc priest is heavily wounded.
The orc priest hits you but does no damage.
The orc priest invokes the aid of Beogh against you.
Pain shoots through your body!
You die...

#.#
###########.#
#.# #.# #.#
#.# #.# #.#
#.# #.# #.#
#.# #.# # #.#
#.##o# #.@o#
####o.....
#####


You could see an orc priest and 2 orcs.

Vanquished Creatures
  A bullfrog skeleton (D:2)
  An orc wizard (D:2)
  A worker ant (D:2)
  2 dart slugs (D:1)
  3 leopard geckos (D:1)
  3 bats
  2 giant cockroaches (D:1)
  4 goblins
  4 hobgoblins (D:1)
  2 jackals (D:2)
  A ball python (D:1)
  3 frilled lizards
  A kobold (D:1)
  7 rats
35 creatures vanquished.

Notes
Turn   | Place    | Note
-------+----------+-------------------------------------------
     0 | D:1      | grindst0ne the Demonspawn Gladiator began the quest for the
                  | Orb.
     0 | D:1      | Reached XP level 1. HP: 16/16 MP: 1/1
   250 | D:1      | Gained mutation: Your flesh is heat resistant. (rF+)
                  | [demonic ancestry]
   250 | D:1      | Reached XP level 2. HP: 14/23 MP: 2/2
   675 | D:1      | Reached skill level 3 in Fighting
  1020 | D:1      | Gained mutation: You sometimes gain a little power by
                  | taking damage. [demonic ancestry]
  1020 | D:1      | Reached XP level 3. HP: 26/29 MP: 3/3
  1176 | D:2      | Reached skill level 4 in Fighting
  1265 | D:2      | Found a faded altar of an unknown god.
  1471 | D:2      | Reached XP level 4. HP: 17/38 MP: 4/4
  1666 | D:2      | Reached skill level 5 in Fighting
  1670 | D:2      | Killed from afar by an orc priest

Illustrated notes

Levels and vault maps discovered:
D:1:      mrwooster_arrival_statue, layout_loops_ring, minmay_quantized
D:2:      layout_loops_ring, chequers_ecumenical_altar_island, hex_tiny

Skill      XL: |  1  2  3  4 |
---------------+-------------+-----
Fighting       | 3 4 5 |  5.0
Axes           | |  2.6
Throwing       | |  1.7
Dodging        | |  2.6

Action                   |  1- 3 |  4- 6 || total
-------------------------+-------+-------++-------
Melee: War axe           |    94 |    24 ||   118
  Eat: Chunk             |     2 |       ||     2
Armor: Ring mail         |    51 |    10 ||    61
Dodge: Dodged            |    50 |     7 ||    57
